 Dungeon Crawl Stone Soup version 0.30.0-18-gc0e69614cb (webtiles) character file.

Game seed: 12343469790267708246

51 monsoonserge the Vexing (level 3, -7/27 HPs)
             Began as a Barachi Hexslinger on May 25, 2023.
             Mangled by Sigmund
             ... wielding a +0 scythe
              (8 damage)
             ... on level 3 of the Dungeon.
             The game lasted 00:05:17 (1048 turns).

monsoonserge the Vexing (Barachi Hexslinger)        Turns: 1048, Time: 00:05:19

Health: -7/27      AC:  2    Str: 11    XL:     3   Next: 83%
Magic:  4/4        EV: 12    Int: 15    God:
Gold:   58         SH:  0    Dex: 14    Spells: 3/4 levels left

rFire   . . .        i - +6 hand axe of Hubris {heavy, Dex+2}
rCold   + . .        (no shield)
rNeg    . . .        c - +0 robe
rPois   .            (no helmet)
rElec   .            (no cloak)
rCorr   .            (no gloves)
SInv    .            (no boots)
Will    .....        (no amulet)
Stlth   +            f - ring of protection from cold
HPRegen 0.24/turn    (no ring)
MPRegen 0.09/turn

%: no passive effects
@: confused, slow
A: amphibious, slowness 1, strong legs 1, +LOS
a: Hop


You were on level 3 of the Dungeon.
You visited 1 branch of the dungeon, and saw 3 of its levels.

You collected 58 gold pieces.

Inventory:

Hand Weapons
 a - a +1 sling
 i - the +6 hand axe of Hubris (weapon) {heavy, Dex+2}
   (You found it on level 2 of the Dungeon)

   Dex:       It affects your dexterity (+2).
Armour
 c - a +0 robe (worn)
 d - a +0 ring mail
Jewellery
 f - a ring of protection from cold (left hand)
Scrolls
 b - a scroll of poison
 e - 4 scrolls of identify {unknown}
 g - a scroll of amnesia {unknown}
 h - 2 scrolls of immolation {unknown}
 j - a scroll of vulnerability {unknown}
 k - a scroll of fear {unknown}


   Skills:
 + Level 1.8 Fighting
 + Level 1.1 Axes
 + Level 3.0 Ranged Weapons
 + Level 2.4 Dodging
 + Level 1.3 Spellcasting
 + Level 3.5 Hexes


You had 3 spell levels left.
You knew the following spells:

 Your Spells              Type           Power      Damage    Failure   Level
a - Slow                  Hex            44%        N/A       5%          1

Your spell library contained the following spells:

 Spells                   Type           Power      Damage    Failure   Level
 Confusing Touch          Hex            11%        N/A       17%         3
 Kiss of Death            Conj/Necr      0%         2d5       24%         1
 Inner Flame              Hex/Fire       6%         N/A       34%         3
 Portal Projectile        Hex/Tloc       12%        N/A       34%         3
 Cause Fear               Hex            5%         N/A       50%         4
 Dispel Undead            Necr           0%         3d6       94%         4


Dungeon Overview and Level Annotations

Branches:
Dungeon (3/15)

Altars:

Annotations:
D:3 Sigmund


Innate Abilities, Weirdness & Mutations

You are amphibious.
You cover ground slowly.
You can hop short distances.
You have an extended range of vision and can be seen from far away.


Message History

You feel agile.
i - the +6 hand axe of Hubris (weapon)
{heavy, Dex+2} You slash the ball python!
You kill the ball python!
You barely miss the giant cockroach.
The giant cockroach bites you but does no damage.
The giant cockroach barely misses you. x2
You closely miss the giant cockroach.
Sigmund is no longer moving slowly.
The giant cockroach bites you but does no damage.
Sigmund hits you from afar with a +0 scythe.
The giant cockroach misses you.
You slash the giant cockroach!
You kill the giant cockroach!
Sigmund hits you from afar with a +0 scythe.
Unknown command.
Sigmund hits you with a +0 scythe.
Things that are here:
a giant cockroach corpse; a ball python corpse You hit Sigmund.
Sigmund is moderately wounded.
Sigmund hits you with a +0 scythe.
You barely miss Sigmund.
Sigmund is moderately wounded.
Sigmund misses you. Sigmund gestures at you while chanting.
You are confused.
You miss Sigmund.
Sigmund is moderately wounded.
Sigmund hits you with a +0 scythe!
* * * LOW HITPOINT WARNING * * *
You're too confused to cast spells.
Unknown command.
You aren't carrying any potions.
You slash Sigmund!
Sigmund is heavily wounded.
Sigmund points at you and mumbles some strange words.
The puff of flame hits you.
* * * LOW HITPOINT WARNING * * *
Sigmund hits you with a +0 scythe!
You die...

#.....#
#.<........
#.....#
#.<..........
#.....#
#..../[......
#.....#
#............
#.....#
#............
###.###
#....$....... #.#
#............ #.#
#............
##.#
#.@@.........
##..#
#............
#...#
#............
#...#
#............
...##
#####........###.
.#.#
####....)...##.##
...#
#....#.......#.#
..## #.#
#..........#
...####..#
#.##.#..#..#


You could see Sigmund.

Vanquished Creatures
  An adder (D:3)
  A worm (D:2)
  2 orcs (D:3)
  2 endoplasms
  3 giant cockroaches
  5 goblins
  2 hobgoblins (D:1)
  2 jackals (D:1)
  5 kobolds (D:1)
  2 quokkas
  2 ball pythons
  A bat (D:1)
  2 frilled lizards (D:1)
  4 rats
34 creatures vanquished.

Notes
Turn   | Place    | Note
-------+----------+-------------------------------------------
     0 | D:1      | monsoonserge the Barachi Hexslinger began the quest for the
                  | Orb.
     0 | D:1      | Reached XP level 1. HP: 15/15 MP: 2/2
   144 | D:1      | Reached XP level 2. HP: 21/21 MP: 1/3
   573 | D:1      | Reached XP level 3. HP: 14/26 MP: 4/4
   752 | D:2      | Found Refuhu's Weapon Shop.
   876 | D:2      | Identified the +6 hand axe of Hubris {heavy, Dex+2}
   888 | D:2      | You fall into a shaft and drop 1 floor!
   930 | D:3      | Reached skill level 1 in Axes
  1031 | D:3      | Noticed Sigmund
  1048 | D:3      | HP: 1/27 [Sigmund/puff of flame (6)]
  1048 | D:3      | Mangled by Sigmund

Illustrated notes

Levels and vault maps discovered:
D:1:      dpeg_arrival_ternary, layout_basic, amethyst_killhole
D:2:      layout_basic, serial_shops, shop
D:3:      layout_rooms, portal_sewer_entry_a, st_stairs_6, uniq_sigmund,
          uniq_crazy_yiuf_cottage

Skill      XL: |  1  2  3 |
---------------+----------+-----
Ranged Weapons | 3 |  3.0
Axes           | 1 |  1.1
Fighting       | |  1.8
Dodging        | |  2.4
Spellcasting   | |  1.3
Hexes          | |  3.5

Action                     || total
---------------------------++-------
  Melee: Hand axe          ||    13
   Fire: Sling             ||   110
   Cast: Slow              ||    11
 Armour: Robe              ||    19
  Dodge: Dodged            ||    46
